 Dungeon Crawl Stone Soup version 0.28-a0-32-g8dfe7f97f6 (webtiles) character file.

Game seed: 8839465628046941261

3 Maimakterion the Sneak (level 1, -1/9 HPs)
             Began as a Spriggan Enchanter on July 27, 2021.
             Succumbed to a kobold's poison
             ... on level 1 of the Dungeon.
             The game lasted 00:00:38 (174 turns).

Maimakterion the Sneak (Spriggan Enchanter)          Turns: 174, Time: 00:00:38

Health: -1/9       AC:  2    Str:  4    XL:     1   Next: 41%
Magic:  4/5        EV: 17    Int: 16    God:
Gold:   16         SH:  0    Dex: 15    Spells: 4/5 levels left

rFire   . . .      SeeInvis +   a - +1 dagger
rCold   . . .      Faith    .   (shield restricted)
rNeg    . . .      Spirit   .   b - +0 robe
rPois   .          Reflect  .   (helmet restricted)
rElec   .          Harm     .   (no cloak)
rCorr   .          Rampage  .   (gloves unavailable)
Will    .....                   (boots unavailable)
Stlth   +++.......              (no amulet)
HPRegen 0.03/turn               (no ring)
MPRegen 0.09/turn               (no ring)

@: lethally poisoned (-1 -> -18), very quick
A: very small, no large weapons, unfitting armour, see invisible, speed 3
a: no special abilities


You were on level 1 of the Dungeon.
You visited 1 branch of the dungeon, and saw 1 of its levels.

You collected 16 gold pieces.

Inventory:

Hand Weapons
 a - a +1 dagger (weapon)
Armour
 b - a +0 robe (worn)
Scrolls
 c - a scroll of teleportation {unknown}
Potions
 d - a potion of might {unknown}
 e - a potion of attraction {unknown}


   Skills:
 * Level 1.3 Short Blades
 - Level 2.6 Dodging
 + Level 4.6 Stealth
 - Level 2.6 Spellcasting
 - Level 3.6 Hexes


You had 4 spell levels left.
You knew the following spells:

 Your Spells              Type           Power      Damage    Failure   Level
a - Corona                Hex            14%        N/A       4%          1

Your spell library contained the following spells:

 Spells                   Type           Power      Damage    Failure   Level
 Confusing Touch          Hex            13%        N/A       13%         3
 Tukima's Dance           Hex            13%        N/A       13%         3
 Ensorcelled Hibernation  Hex/Ice        14%        N/A       14%         2
 Dazzling Flash           Conj/Hex       14%        N/A       28%         3
 Inner Flame              Hex/Fire       7%         N/A       28%         3
 Cause Fear               Hex            6%         N/A       41%         4
 Discord                  Hex            6%         N/A       100%        8


Dungeon Overview and Level Annotations

Branches:
Dungeon (1/15)

Altars:


Innate Abilities, Weirdness & Mutations

You are very small and have problems with some larger weapons.
You are too small for most types of armour.
You have supernaturally acute eyesight. (SInv)
You cover ground extremely quickly. (Speed+++)


Message History

You barely miss the ball python.
The ball python bites you but does no damage.
The ball python grabs you. The ball python constricts you.
You hit the ball python.
The ball python is moderately wounded.
The ball python bites you. The ball python constricts you.
You take 3 damage, and have 6/9 hp.
MASSIVE DAMAGE!!
You hit the ball python.
You kill the ball python!
You see here a ball python corpse.
Your magical contamination has completely faded away.
HP restored.
A kobold comes into view.
It is wielding a +2 short sword of venom.
The kobold shouts!
Found a stone staircase leading down.
Health restored: 9; MP restored: 5
There is a stone staircase leading down here.
The kobold is outlined in light.
You now have 4/5 mp.
Press: ? - help, v - describe, . - travel
Here: a kobold, wielding a +2 short sword of venom (softly glowing)
The floor.
An endoplasm comes into view.
The endoplasm quivers.
You hit the kobold but do no damage. You hit the kobold but do no damage.
The kobold completely misses you.
You closely miss the kobold.
The kobold hits you with a +2 short sword of venom.
You are lethally poisoned!
An endoplasm comes into view.
You take 4 damage, and have 5/9 hp.
MASSIVE DAMAGE!!
The endoplasm quivers.
You hit the kobold but do no damage.
* * * LOW HITPOINT WARNING * * *
You feel very sick.
The kobold hits you with a +2 short sword of venom.
* * * LOW HITPOINT WARNING * * *
You are more poisoned.
You take 4 damage, and have 1/9 hp.
MASSIVE DAMAGE!!
You die...

.#.# .J# ..# J.#
#.###+#######
#.#.........# ####
#K#.........#
.....##>#.........#
#......@#........)#
#.................#
#.......#.†.......#
#########.........######
#...............
################ # #


You could see 2 endoplasms and a kobold (corona).

Vanquished Creatures
  A kobold (D:1)
  2 ball pythons (D:1)
  A rat (D:1)
4 creatures vanquished.

Notes
Turn   | Place    | Note
-------+----------+-------------------------------------------
     0 | D:1      | Maimakterion the Spriggan Enchanter began the quest for the
                  | Orb.
     0 | D:1      | Reached XP level 1. HP: 9/9 MP: 5/5
    35 | D:1      | Found a faded altar of an unknown god.
   174 | D:1      | Succumbed to a kobold's poison

Illustrated notes

Levels and vault maps discovered:
D:1:      eino_arrival_cavern_a, layout_basic, basic_ecumenical_altar,
          minmay_rat_gold_closets

Action                   || total
-------------------------++-------
Melee: Dagger            ||    13
 Cast: Corona            ||     3
Armor: Robe              ||     1
Dodge: Dodged            ||     8

Table legend: (Time is in decaauts)
 A = Elapsed time spent in this place.
 B = Non-inter-level travel time spent in this place.
 C = Inter-level travel time spent in this place.
 D = Time resting spent in this place.
 E = Time spent auto-exploring this place.
 F = Levels seen in this place.
 G = Mean time per level.
                   A        B        C        D        E       F      G
               +--------+--------+--------+--------+--------+-----+--------+
         Total |    142 |    142 |      0 |      0 |    108 |   1 |  142.0 |
       Dungeon |    142 |    142 |      0 |      0 |    108 |   1 |  142.0 |
               +--------+--------+--------+--------+--------+-----+--------+

Top non-repeatable levels by time:
     D:1: 142 daAuts
